Map: Dusk Towers

Players

lesha - Winner!

  • Race: Terran Terran
  • League: Gold

Neuron

  • Race: Protoss Protoss
  • League: Silver

VOD

Have the link to the VOD?

Description

Time

  • Played on: Jan. 9, 2016, 3:23 a.m.
  • Length: 16:35
Show
View Real Time Build Order
Export as new Build Order

lesha Terran - Winner!

Build Orders: Reaper Expand, MMM Bio 

Get SALT Encoding   

  12  0:01  SCV  
  13  0:13  SCV  
  14  0:18  Supply Depot  
  14  0:25  SCV  
  15  0:39  SCV  
  15  0:41  Barracks  
  16  0:47  Refinery  
  16  0:51  SCV  
  17  1:03  SCV  
  18  1:16  SCV  
  19  1:28  Orbital Command  
  19  1:34  Reaper  
  20  1:41  Command Center  
  20  1:51  Supply Depot  
  20  1:55  Refinery  
  20  1:56  SCV  
  21  2:06  Barracks Reactor  
  21  2:08  SCV  
  22  2:20  SCV  
  23  2:24  Barracks  
  23  2:32  SCV, Factory  
  24  2:44  Marine x2  
  26  3:09  SCV  
  26  3:11  Orbital Command  
  27  3:18  Marine x2  
  27  3:19  Barracks Tech Lab  
  29  3:20  Factory Reactor  
  29  3:23  Factory Reactor  
  29  3:30  Barracks  
  29  3:31  SCV  
  30  3:38  Starport  
  30  3:40  SCV  
  31  3:43  SCV, Marine x2  
  34  3:52  SCV  
  35  3:58  SCV  
  35  4:00  Marauder  
  38  4:04  SCV  
  39  4:12  SCV  
  39  4:15  Factory Tech Lab  
  39  4:16  SCV  
  40  4:26  SCV  
  40  4:28  Barracks Reactor  
  41  4:38  Supply Depot x2  
  41  4:39  Supply Depot  
  41  4:40  Barracks  
  41  4:42  Engineering Bay  
  41  4:43  Stimpack  
  41  4:45  Marine x2  
  43  4:51  SCV  
  46  4:56  SCV, Siege Tank  
  46  4:59  Medivac  
  52  5:02  Marine  
  52  5:03  SCV  
  52  5:04  Medivac  
  52  5:05  Marine x3  
  58  5:08  SCV, Marauder  
  58  5:12  Terran Infantry Weapons Level 1  
  60  5:16  SCV  
  60  5:20  SCV  
  62  5:22  Refinery  
  62  5:25  Refinery, Marine  
  62  5:26  Marine x2  
  62  5:27  Marine  
  66  5:29  Barracks Reactor  
  66  5:48  Missile Turret  
  66  5:56  SCV x2  
  66  5:57  Missile Turret, Marine x4  
  68  5:59  Marauder  
  68  6:02  Command Center  
  74  6:10  Marine x2  
  76  6:14  Marine  
  77  6:38  SCV  
  78  6:45  Supply Depot  
  78  6:46  Supply Depot  
  78  6:47  Supply Depot  
  78  7:06  Marine x4  
  78  7:07  SCV, Medivac x2, Siege Tank, Marine x2  
  78  7:08  Marauder  
  92  7:25  Barracks  
  92  7:26  Barracks  
  92  7:29  Marauder  
  94  7:30  Barracks  
  94  7:39  SCV x2  
  94  7:43  Combat Shields  
  96  7:51  Armory, Terran Infantry Armor Level 1, SCV x2  
  96  7:54  Engineering Bay  
  98  8:10  Missile Turret  
  98  8:12  SCV x2  
  100  8:14  Missile Turret  
  100  8:17  Orbital Command  
  100  8:24  SCV x2  
  100  8:25  Marine x5  
  100  8:26  Marine  
  110  8:27  Marauder  
  110  8:30  Barracks Tech Lab x3  
  110  8:33  Missile Turret  
  102  8:37  Command Center  
  102  8:43  Marine x3  
  107  8:48  Marauder  
  107  8:56  Supply Depot  
  107  8:58  Supply Depot  
  107  9:02  Supply Depot  
  107  9:03  Supply Depot  
  107  9:08  SCV x3  
  112  9:10  Marine x2, Marauder  
  112  9:11  Supply Depot  
  112  9:14  Supply Depot  
  112  9:15  Supply Depot  
  114  9:20  SCV x3  
  102  9:29  Marine x2  
  102  9:30  Marine x7  
  94  9:33  Marine  
  94  9:35  Medivac x2  
  78  9:47  Marine x3  
  78  9:48  Marine  
  73  9:54  Marine x2  
  73  9:55  Marauder, Marine  
  73  9:56  Marauder x2  
  70  10:09  Marine x4  
  70  10:11  Siege Tank  
  70  10:12  Marine x2, Medivac x2  
  82  10:46  Marine x6  
  82  10:47  Marauder x3  
  82  10:48  Marauder  
  94  11:03  SCV x3, Marine  
  94  11:04  Marine x2  
  98  11:08  Marauder  
  98  11:09  Marauder x3  
  109  11:23  SCV x3  
  111  11:26  Missile Turret  
  111  11:28  Missile Turret  
  111  11:29  Missile Turret x2  
  111  11:42  Marine x5  
  111  11:43  Marauder x2  
  110  12:03  SCV x2  
  110  12:04  SCV  
  113  12:15  SCV, Marine x5  
  96  12:16  SCV, Marauder x3  
  96  12:22  Command Center  
  106  12:25  Orbital Command  
  106  12:31  Refinery  
  106  12:32  Refinery  
  106  12:33  Marine  
  107  12:44  Concussive Shells  
  107  12:45  Terran Infantry Weapons Level 2  
  107  12:47  Terran Infantry Armor Level 2  
  107  13:01  Medivac x2  
  111  13:12  Marine x5  
  115  13:13  Marine x2  
  115  13:14  Marauder x2  
  115  13:17  SCV  
  115  13:18  SCV  
  115  13:19  SCV  
  125  13:33  Marauder, Marine x2  
  129  13:39  Supply Depot  
  129  13:46  Supply Depot  
  129  13:47  Supply Depot  
  129  13:48  Supply Depot  
  129  13:50  Supply Depot  
  129  13:57  Marine  
  129  13:58  Marine x3  
  129  13:59  Marauder x4  
  129  14:01  Medivac  
  143  14:04  Medivac  
  145  14:15  SCV x3  
  145  14:16  Orbital Command  
  148  14:17  Command Center  
  148  14:21  Marine x5  
  148  14:22  Marauder x2  
  157  14:27  SCV x3  
  160  14:32  Marine  
  160  14:33  Marauder x2  
  160  14:34  Medivac x2  
  169  14:55  Marine  
  169  14:56  Starport, Marine x3  
  169  14:57  Marauder x4  
  181  15:40  Starport Tech Lab  
  129  15:52  Marine x4  
  129  15:53  Marine x2, Marauder x4  
  142  16:09  Marine  
Show
View Real Time Build Order
Export as new Build Order

Neuron Protoss 

Build Orders: 1 Gate Expand 

Get SALT Encoding   

  12  0:01  Probe (Chrono Boost)  
  13  0:12  Probe (Chrono Boost)  
  14  0:22  Pylon  
  14  0:27  Pylon  
  14  0:32  Probe (Chrono Boost)  
  15  0:44  Gateway  
  15  0:46  Probe (Chrono Boost)  
  16  1:20  Nexus  
  16  1:22  Assimilator  
  16  1:36  Cybernetics Core  
  16  1:38  Pylon  
  16  1:45  Probe (Chrono Boost)  
  17  1:53  Zealot  
  19  1:55  Probe (Chrono Boost)  
  19  2:00  Assimilator  
  20  2:06  Probe (Chrono Boost)  
  21  2:17  Probe (Chrono Boost)  
  22  2:24  Gateway  
  22  2:27  Probe (Chrono Boost), Pylon  
  23  2:31  Probe (Chrono Boost)  
  23  2:36  Warp Gate (Chrono Boost)  
  24  2:37  Probe  
  24  2:40  Probe  
  24  2:43  Stalker  
  28  2:53  Pylon  
  28  3:12  Stalker  
  30  3:30  Probe  
  30  3:31  Gateway  
  31  3:40  Probe  
  31  3:48  Stalker  
  34  3:50  Stalker  
  34  3:51  Probe  
  37  4:01  Probe  
  37  4:07  Twilight Council  
  38  4:11  Pylon  
  38  4:12  Probe  
  39  4:35  Gateway  
  39  4:37  Probe, Pylon  
  39  4:41  Pylon  
  40  4:47  Probe  
  40  4:49  Charge (Chrono Boost)  
  41  4:56  Zealot  
  41  4:58  Probe, Zealot  
  46  5:02  Zealot  
  48  5:08  Probe  
  48  5:13  Dark Shrine  
  49  5:17  Gateway  
  49  5:19  Probe  
  50  5:29  Probe, Zealot  
  50  5:31  Zealot  
  55  5:36  Stalker  
  55  5:40  Probe, Zealot  
  60  5:50  Probe  
  60  5:52  Assimilator  
  60  5:56  Assimilator  
  61  6:01  Probe  
  61  6:02  Stargate  
  62  6:04  Pylon  
  62  6:08  Gateway  
  62  6:18  Zealot x3, Blink (Chrono Boost)  
  62  6:20  Zealot  
  69  6:31  Dark Templar  
  63  6:47  Oracle  
  63  6:51  Probe  
  67  7:02  Probe  
  67  7:04  Stalker x2  
  68  7:12  Probe  
  63  7:23  Probe  
  64  7:31  Dark Templar  
  64  7:34  Probe  
  67  7:44  Stalker x2, Probe  
  72  7:55  Probe  
  70  8:01  Zealot x2  
  70  8:04  Zealot  
  70  8:05  Probe  
  76  8:07  Zealot x2  
  81  8:41  Dark Templar x2  
  83  8:43  Zealot x3  
  83  8:44  Zealot  
  93  8:51  Probe  
  94  9:02  Probe  
  94  9:05  Pylon  
  94  9:07  Pylon  
  95  9:10  Dark Templar  
  95  9:11  Stalker x2  
  95  9:12  Probe  
  102  9:23  Probe  
  63  9:31  Zealot x3  
  63  9:34  Probe  
  64  9:50  Zealot x3  
  64  9:52  Stalker x3  
  74  10:41  Dark Templar x2  
  72  10:43  Zealot x4  
  72  10:44  Probe  
  81  10:55  Probe  
  82  11:09  Dark Templar  
  82  11:10  Zealot x2  
  88  11:12  Dark Templar  
  88  11:15  Zealot x2  
  88  11:18  Probe  
  94  11:23  Assimilator  
  96  11:28  Probe  
  96  11:36  Zealot  
  96  11:38  Zealot  
  96  11:39  Probe  
  100  11:42  Nexus  
  100  11:44  Pylon  
  101  11:47  Zealot, Pylon  
  101  11:48  Zealot  
  101  11:51  Zealot  
  107  12:02  Stalker x2  
  111  12:09  Stalker  
  113  12:22  Dark Templar  
  113  12:23  Dark Templar  
  113  12:24  Zealot  
  119  12:31  Probe  
  120  12:40  Assimilator  
  120  12:42  Probe  
  121  12:44  Assimilator  
  119  12:52  Probe  
  106  13:10  Zealot x2  
  106  13:11  Zealot x3  
  116  13:15  Zealot  
  118  13:24  Probe  
  119  13:33  Dark Templar x2  
  123  13:35  Stalker, Probe  
  123  13:40  Dark Templar  
  128  13:53  Zealot  
  128  13:54  Zealot  
  132  14:01  Forge  
  132  14:03  Pylon  
  132  14:06  Dark Templar, Pylon  
  132  14:07  Stalker  
  136  14:12  Zealot  
  136  14:15  Sentry  
  136  14:16  Sentry  
  142  14:17  Sentry  
  144  14:25  Void Ray  
  148  14:48  Zealot x2  
  152  14:57  Zealot  
  152  14:58  Zealot  
  156  15:03  Zealot  
  156  15:06  Zealot  
  160  15:11  Dark Templar x2  
  164  15:28  Pylon  
  164  15:29  Nexus  
  164  15:30  Pylon  
  70  15:53  Zealot x5  
  70  15:54  Zealot  
  50  16:14  Zealot x2  
  50  16:15  Zealot x4  
Tags
 
Add a new tag
Caveats
  • Supply blocks, unpowered buildings, or Contaminate may cause inaccurate times.
  • Supply counts are checked every 10 seconds.